 Dungeon Crawl Stone Soup version 0.19-a0 (webtiles) character file.

114 Loki the Ruffian (level 4, -4/45 HPs)
             Began as a Troll Monk on Apr 27, 2016.
             Slain by a gnoll
             ... wielding a +0 halberd
              (7 damage)
             ... on level 3 of the Dungeon.
             The game lasted 00:04:10 (1130 turns).

Loki the Ruffian (Troll Monk)                       Turns: 1130, Time: 00:04:11

Health: -4/45      AC:  5    Str: 19    XL:     4   Next: 67%
Magic:  3/3        EV: 10    Int:  7    God:
Gold:   49         SH:  0    Dex: 12    Spells: 0 memorised, 3 levels left

rFire  . . .     SeeInvis .       - Unarmed
rCold  . . .     Gourm    +     a - +0 robe
rNeg   . . .     Faith    .     (no shield)
rPois  .         Spirit   .     (helmet restricted)
rElec  .         Dismiss  .     (no cloak)
rCorr  .         Reflect  .     (gloves unavailable)
SustAt .         Harm     .     (boots unavailable)
MR     .....                    (no amulet)
Stlth  +.........               (no ring)
                                (no ring)

@: not resistant to hostile enchantments, very unstealthy
A: unfitting armour, claws 3, fast metabolism 3, gourmand, regeneration 2,
shaggy fur 1, tough skin 2
a: no special abilities


You were on level 3 of the Dungeon.
You were completely stuffed.

You visited 1 branch of the dungeon, and saw 3 of its levels.

You collected 49 gold pieces.

Inventory:

Armour
 a - a +0 robe (worn)
Scrolls
 c - a scroll of enchant armour {unknown}
 d - a scroll of immolation {unknown}
 e - 5 scrolls of identify {unknown}
 k - a scroll of amnesia {unknown}
 m - 2 scrolls of fear {unknown}
 o - a scroll of teleportation {unknown}
 q - a scroll of random uselessness {unknown}
Potions
 f - 3 potions of heal wounds {unknown}
 g - a potion of flight {unknown}
 i - a potion of cancellation {unknown}
 j - a potion of curing {unknown}
 l - a potion of might {unknown}
Comestibles
 b - 4 bread rations
 h - 2 meat rations
 n - a royal jelly
 p - 4 chunks of flesh


   Skills:
 + Level 3.3 Fighting
 - Level 2.4 Dodging
 - Level 1.1 Stealth
 * Level 5.4 Unarmed Combat


You had 3 spell levels left.
You didn't know any spells.

Dungeon Overview and Level Annotations

Branches:
Dungeon (3/15)

Altars:
Vehumet


Innate Abilities, Weirdness & Mutations

You are too large for most types of armour.
You have claws for hands.
Your metabolism is lightning-fast.
You like to eat raw meat.
You heal very quickly.
You are covered in fur (AC +1).
You have very tough skin (AC +2).


Message History

The gnoll shouts!
The gnoll moves out of view.
Found a stone staircase leading down.
You completely miss the ooze.
The gnoll hits you from afar with a halberd!
The ooze hits you but does no damage. The ooze hits you.
The gnoll closely misses you.
Found a stone staircase leading up.
You claw the gnoll!
The gnoll is severely wounded.
The adder bites you. The ooze closely misses you.
The gnoll hits you with a halberd!
You claw the gnoll!
You kill the gnoll!
The adder barely misses you. The gnoll hits you with a club!
The gnoll hits you from afar with a halberd!
* * * LOW HITPOINT WARNING * * *
The ooze hits you but does no damage. The gnoll hits you with a halberd!
You die...

.. #.# #.#..
#.##.######
#((...%...
###......#######
........g.....><
#...[..J###.####
#.##.).S@g......
#.##..#####.####
#.....# #####.##
###..## #.....#
.# #####.....#
.# #.........##
.#
#..†..###..##.#


You could see 2 gnolls, an ooze and an adder.

Vanquished Creatures
  A gnoll (D:3)
  3 adders
  3 oozes
  A worm (D:2)
  A dart slug (D:2)
  5 giant geckos
  8 bats
  3 goblins (D:1)
  6 hobgoblins
  8 jackals
  2 ball pythons
  4 giant newts
  6 kobolds
  5 rats
56 creatures vanquished.

Notes
Turn   | Place    | Note
--------------------------------------------------------------
     0 | D:1      | Loki the Troll Monk began the quest for the Orb.
     0 | D:1      | Reached XP level 1. HP: 22/22 MP: 0/0
    97 | D:1      | Reached XP level 2. HP: 29/29 MP: 1/1
   266 | D:1      | Reached XP level 3. HP: 36/36 MP: 2/2
   643 | D:2      | Reached skill level 5 in Unarmed Combat
   771 | D:2      | Reached XP level 4. HP: 43/45 MP: 3/3
   802 | D:2      | Found a radiant altar of Vehumet.
  1129 | D:3      | HP: 2/45 [gnoll/halberd (13)]
  1130 | D:3      | Slain by a gnoll

Vault maps used:
D:1:      dpeg_arrival_rooms_with_view, lemuel_old_faithful
D:2:      vehumet_crystals, hangedman_abyss_or_decor_lesser_grid,
          minmay_strange_pillars, minmay_misc_feat_x

Skill      XL: |  1  2  3 |
---------------+----------+-----
Fighting       | 3 |  3.3
Unarmed Combat | 5 |  5.4
Dodging        | |  2.4
Stealth        | |  1.1

Action                   |  1- 3 |  4- 6 || total
-------------------------+-------+-------++-------
Melee: Unarmed           |    94 |    32 ||   126
       Punch             |     1 |       ||     1
 Stab: Sleeping          |     1 |       ||     1
  Eat: Chunk             |    13 |     3 ||    16
Armor: Robe              |    32 |    10 ||    42
Dodge: Dodged            |    47 |    19 ||    66
